 Dungeon Crawl Stone Soup version 0.28-a0-983-g1de4e0787c (webtiles) character file.

Game seed: 12413659630896940360

531 ytrimaz the Conjurer (level 7, -1/45 HPs)
             Began as an Octopode Conjurer on Dec 2, 2021.
             Was an Initiate of Ru.
             Slain by an orc wizard (3 damage)
             ... on level 6 of the Dungeon.
             The game lasted 00:04:52 (4684 turns).

ytrimaz the Conjurer (Octopode Conjurer)            Turns: 4684, Time: 00:04:52

Health: -1/45      AC:  1    Str:  6    XL:     7   Next: 24%
Magic:  13/13      EV: 13    Int: 23    God:    Ru [......]
Gold:   209        SH:  0    Dex: 10    Spells: 8/15 levels left

rFire   . . .      SeeInvis .   c - +3 dagger (venom)
rCold   . . .      Faith    .   (no shield)
rNeg    . . .      Spirit   .   (helmet restricted)
rPois   .          Reflect  .   (no amulet)
rElec   .          Harm     .   (no ring)
rCorr   .          Rampage  .   (no ring)
Will    .....                   (no ring)
Stlth   ++........              (no ring)
HPRegen 0.15/turn               (no ring)
MPRegen 0.13/turn               (no ring)
                                (no ring)
                                (no ring)

@: confused
A: almost no armour, amphibious, 8 rings, camouflage 1, gelatinous body 1,
(nimble swimmer 1), tentacles
a: Renounce Religion


You were on level 6 of the Dungeon.
You worshipped Ru.
Ru was noncommittal.
You visited 2 branches of the dungeon, and saw 6 of its levels.

You collected 209 gold pieces.

Inventory:

Hand Weapons
 c - a +3 dagger of venom (weapon)
Wands
 g - a wand of flame (23)
Scrolls
 d - a scroll of brand weapon {unknown}
 e - 3 scrolls of teleportation
 f - a scroll of vulnerability
Potions
 a - a potion of heal wounds
 b - a potion of attraction {unknown}
 h - a potion of curing {unknown}


   Skills:
 * Level 2.3 Fighting
 + Level 1.5 Short Blades
 * Level 3.2 Dodging
 - Level 2.6 Stealth
 * Level 4.6 Spellcasting
 + Level 5.6 Conjurations


You had 8 spell levels left.
You knew the following spells:

 Your Spells              Type           Power      Damage    Failure   Level
a - Magic Dart            Conj           100%       1d8       1%          1
b - Searing Ray           Conj           62%        2d6       1%          2
c - Iskenderun's Mystic   Conj/Tloc      18%        2d6       30%         4

Your spell library contained the following spells:

 Spells                   Type           Power      Damage    Failure   Level
 Dazzling Flash           Conj/Hex       36%        N/A       10%         3
 Ensorcelled Hibernation  Hex/Ice        10%        N/A       16%         2
 Tukima's Dance           Hex            5%         N/A       30%         3
 Fulminant Prism          Conj/Hex       9%         3d7       30%         4


Dungeon Overview and Level Annotations

Branches:
Dungeon (6/15)             Temple (1/1) D:6

Altars:
Ashenzari
Cheibriados
Dithmenos
Fedhas
Makhleb
Nemelex Xobeh
Okawaru
Qazlal
Ru
Sif Muna
Trog
Uskayaw
Vehumet
Yredelemnul
Zin
The Shining One

Shops:
D:4 *


Innate Abilities, Weirdness & Mutations

You cannot wear most types of armour.
You are amphibious.
You can wear up to eight rings at the same time.
Your skin changes colour to match your surroundings (Stealth+).
Your rubbery body absorbs attacks. (AC +1, EV +1)
((You are camouflaged near water. (Stealth+)))
You have tentacles for arms and can constrict up to eight enemies at once.


Message History

The orc wizard misses you.
Unknown command.
You barely miss the plant. The orc wizard closely misses you.
The orc wizard shouts!
You hit the plant.
The plant begins to die.
The plant is lightly damaged.
You feel less confused.
You hear a shout!
The orc wizard closely misses you.
The orc priest calls down the wrath of Beogh upon you.
Beogh smites you!
The orc wizard mumbles some strange words.
The orc wizard flickers and vanishes!
Deactivating autopickup; reactivate with Ctrl-A.
The orc wizard casts a spell at you.
You are confused.
Something hits the plant.
A nearby plant withers and dies.
The orc wizard misses you.
Unknown command.
The orc wizard casts a spell.
The orc wizard flickers and vanishes!
You hear some strange, mumbled words.
Something tries to affect you, but you resist.
The orc priest hits the plant with a +0 dagger.
The plant begins to die.
You hear some strange, mumbled words.
A magic dart appears from out of thin air!
The magic dart hits you! Something hits you.
The orc priest hits the plant with a +0 dagger.
You hit something. Something hits you. x2
The orc priest calls down the wrath of Beogh upon you.
Beogh smites you!
* * * LOW HITPOINT WARNING * * *
Unknown command.
You hit the plant.
The plant is lightly damaged.
Something hits you.
* * * LOW HITPOINT WARNING * * *
Something hits you.
You die...

### ..## #..##
#P.P# ####
####.####
.....###{#...#.##
.......o{@.>...P#
#####..P#...#P.#
#.####.###.... #.
#P.P# ###.# ..
##.## # #.. #.#
#.. #.# ... #.#
#.#


You could see an orc priest.

Vanquished Creatures
  A black bear (D:4)
  A scorpion (D:4)
  A water moccasin skeleton (D:3)
  A jelly (D:4)
  An orc priest (D:3)
  Jessica (D:2)
  Natasha (thrice) (D:4)
  A hound skeleton (D:3)
  7 adders
  An adder skeleton (D:4)
  3 worms (D:3)
  A dart slug (D:1)
  7 orcs
  6 ball pythons
  8 endoplasms
  4 giant cockroaches
  8 goblins
  4 hobgoblins
  2 quokkas
  4 bats
  14 frilled lizards
  9 kobolds
  7 rats
95 creatures vanquished.

Vanquished Creatures (others)
  8 plants
8 creatures vanquished.

Grand Total: 103 creatures vanquished

Notes
Turn   | Place    | Note
-------+----------+-------------------------------------------
     0 | D:1      | ytrimaz the Octopode Conjurer began the quest for the Orb.
     0 | D:1      | Reached XP level 1. HP: 11/11 MP: 3/3
   301 | D:1      | Found a faded altar of an unknown god.
   400 | D:1      | Reached XP level 2. HP: 18/18 MP: 1/5
  1325 | D:2      | Reached XP level 3. HP: 22/22 MP: 4/6
  1394 | D:2      | Learned a level 2 spell: Searing Ray
  1950 | D:2      | Reached skill level 1 in Fighting
  1950 | D:2      | Reached XP level 4. HP: 28/28 MP: 1/8
  2013 | D:2      | Noticed Jessica
  2015 | D:2      | Killed Jessica
  2114 | D:2      | Learned a level 4 spell: Iskenderun's Mystic Blast
  2437 | D:3      | Reached skill level 5 in Conjurations
  2612 | D:3      | Reached XP level 5. HP: 33/33 MP: 6/9
  2760 | D:3      | Found a sacrificial altar of Ru.
  2774 | D:3      | Became a worshipper of Ru the Awakened
  3082 | D:3      | Reached skill level 1 in Short Blades
  3082 | D:3      | Reached XP level 6. HP: 38/38 MP: 6/11
  3690 | D:4      | Noticed Natasha
  3695 | D:4      | Killed Natasha
  3778 | D:4      | Noticed a black bear
  3783 | D:4      | Killed a black bear
  3784 | D:4      | Reached XP level 7. HP: 42/45 MP: 3/13
  3786 | D:4      | Noticed Natasha
  3795 | D:4      | Killed Natasha
  3798 | D:4      | Noticed Natasha
  3810 | D:4      | Killed Natasha
  4331 | D:4      | Found Zichik's Assorted Antiques.
  4344 | D:4      | You fall into a shaft and drop 2 floors!
  4344 | D:6      | Found a staircase to the Ecumenical Temple.
  4374 | Temple   | Entered the Ecumenical Temple
  4684 | D:6      | HP: 2/45 [something (3)]
  4684 | D:6      | Slain by an orc wizard

Illustrated notes

Levels and vault maps discovered:
D:1:      dpeg_arrival_round_a, layout_basic,
          shapermc_ecumenical_altar_acropolis, lexackson_kobold_supper
D:2:      layout_rooms, uniq_jessica
D:3:      layout_rooms, nicolae_ru_awakened_eye, grunt_decor_arrowhead,
          minmay_lizard_king
D:4:      layout_rooms, gup_sewer_entry_bowl, serial_shops,
          nicolae_shop_statue_plus, uniq_natasha, uniq_sigmund
D:6:      layout_loops_ring, amcnicky_altar_gilded,
          minmay_temple_entry_gardened_gates
Temple:   regret_index_temple_generic_petals

Skill      XL: |  1  2  3  4  5  6 |
---------------+-------------------+-----
Fighting       | 1 2 |  2.3
Conjurations   | 5 |  5.6
Spellcasting   | 3 4 |  4.6
Short Blades   | 1 |  1.5
Dodging        | 3 |  3.2
Stealth        | |  2.6

Action                   |  1- 3 |  4- 6 |  7- 9 || total
-------------------------+-------+-------+-------++-------
Melee: Unarmed           |     3 |       |       ||     3
       Constrict         |     4 |     3 |     2 ||     9
       Tentacles         |     2 |     1 |     1 ||     4
       Dagger            |    12 |    13 |    14 ||    39
 Cast: Magic Dart        |    47 |    71 |    13 ||   131
       Searing Ray       |     4 |     6 |     2 ||    12
       Iskenderun's Myst |       |       |     1 ||     1
  Use: Scroll            |     3 |     4 |       ||     7
       Potion            |       |     2 |       ||     2
 Stab: Sleeping          |       |     1 |       ||     1
Armor: Skin              |     1 |     3 |     1 ||     5
Dodge: Dodged            |    11 |    26 |    17 ||    54

Table legend: (Time is in decaauts)
 A = Elapsed time spent in this place.
 B = Non-inter-level travel time spent in this place.
 C = Inter-level travel time spent in this place.
 D = Time resting spent in this place.
 E = Time spent auto-exploring this place.
 F = Levels seen in this place.
 G = Mean time per level.
                   A        B        C        D        E       F      G
               +--------+--------+--------+--------+--------+-----+--------+
         Total |   4692 |   4559 |    133 |    241 |   3788 |   6 |  782.0 |
       Dungeon |   4399 |   4294 |    105 |    241 |   3528 |   5 |  879.8 |
        Temple |    292 |    264 |     28 |      0 |    260 |   1 |  292.0 |
               +--------+--------+--------+--------+--------+-----+--------+

Top non-repeatable levels by time:
     D:1: 1293 daAuts
     D:3: 1147 daAuts
     D:2: 1129 daAuts
     D:4: 783 daAuts
  Temple: 292 daAuts
     D:6: 47 daAuts
